TOP OF THE 1ST |
Reading Fightin Phils batting - Pitching for Tulsa Drillers : RHP Will Lane
|
Pitching: RHP Will Lane
|
|
Batting: RHB Tony Perez
|
0-0: Foul Ball, location: 2F 0-1: Ball 1-1: Ground out U3 (Groundball, 3, EV 92.5 MPH)
|
Batting: RHB Chris Myers
|
0-0: Called Strike 0-1: Ball 1-1: Ball 2-1: SINGLE (Groundball, 6MD, EV 106.2 MPH)
|
Batting: RHB Alan Weller
|
0-0: DOUBLE (Line Drive, 3D, EV 98.8 MPH) Chris Myers to third Runner from 3rd tries for Home, SAFE, throw by RF to home
|
Batting: RHB Guan-pei Gao
|
0-0: Called Strike 0-1: Ball 1-1: Foul Ball, location: 2F 1-2: Ball 2-2: Foul Ball, location: 2F 2-2: Strikes out swinging
|
Batting: RHB Pablo Lopez
|
0-0: Swinging Strike 0-1: Ball 1-1: Ball 2-1: Foul Ball, location: 2F 2-2: Ball 3-2: Strikes out swinging
|
Top of the 1st over - 1 run, 2 hits, 0 errors, 1 left on base; Reading 1 - Tulsa 0 |
BOTTOM OF THE 1ST |
Tulsa Drillers batting - Pitching for Reading Fightin Phils : RHP Jeremy Trotter
|
Pitching: RHP Jeremy Trotter
|
|
Batting: RHB Josh Crenwelge
|
0-0: Called Strike 0-1: Ball 1-1: Ground out 6-3 (Groundball, 6, EV 101.2 MPH)
|
Batting: SHB Nate Kopchak
|
0-0: Called Strike 0-1: Foul Ball, location: 2F 0-2: Ball 1-2: Strikes out looking
|
Batting: LHB Kevin Wiebe
|
0-0: Swinging Strike 0-1: Foul Ball, location: 2F 0-2: Ball 1-2: Ball 2-2: Ball 3-2: Fly out, F7 (Flyball, 7LM, EV 96.9 MPH)
|
Bottom of the 1st over - 0 runs, 0 hits, 0 errors, 0 left on base; Reading 1 - Tulsa 0 |
TOP OF THE 2ND |
Reading Fightin Phils batting - Pitching for Tulsa Drillers : RHP Will Lane
|
Batting: LHB Alex Fernandez
|
0-0: Ground out 6-3 (Groundball, 6, EV 78.8 MPH)
|
Batting: RHB Jose Corral
|
0-0: Foul Ball, location: 2F 0-1: SINGLE (Line Drive, 89S, EV 88.8 MPH)
|
Batting: LHB Doug Frampton
|
0-0: Grounds into double play, 4-6-3 (Groundball, 4, EV 82.5 MPH)
|
Top of the 2nd over - 0 runs, 1 hit, 0 errors, 0 left on base; Reading 1 - Tulsa 0 |
BOTTOM OF THE 2ND |
Tulsa Drillers batting - Pitching for Reading Fightin Phils : RHP Jeremy Trotter
|
Batting: LHB Chris Buchan
|
0-0: Called Strike 0-1: Ball 1-1: Ball 2-1: Ball 3-1: Foul Ball, location: 2F 3-2: Base on Balls
|
Batting: SHB Justin Toth
|
0-0: Ball 1-0: Ball 2-0: Ball 3-0: Called Strike 3-1: Reached on error, E4 (Groundball, 34, EV 108.1 MPH) Chris Buchan to second
|
Batting: RHB Tony Rivera
|
0-0: Ball 1-0: Called Strike 1-1: Fielders Choice at 2nd, 6-4 (Groundball, 6, EV 98.8 MPH) Chris Buchan to third
|
Batting: RHB Daniel Samano
|
0-0: Called Strike 0-1: Ball 1-1: Called Strike 1-2: Foul Ball, location: 2F 1-2: Foul Ball, location: 2F 1-2: Fly out, F7 (Flyball, 78M, EV 76.2 MPH) Runner from 3rd tags up, OUT at HOME! 7-2
|
Bottom of the 2nd over - 0 runs, 0 hits, 1 error, 1 left on base; Reading 1 - Tulsa 0 |
TOP OF THE 3RD |
Reading Fightin Phils batting - Pitching for Tulsa Drillers : RHP Will Lane
|
Batting: RHB Prabhukumar Santhanakrishnan
|
0-0: Hit by Pitch
|
Batting: RHB Tony Perez
|
0-0: Ball 1-0: Called Strike 1-1: Swinging Strike 1-2: Foul Ball, location: 2F 1-2: Ball 2-2: Fielders Choice at 2nd, 3-6 (Groundball, 3, EV 99.4 MPH)
|
Batting: RHB Chris Myers
|
0-0: Fly out, F7 (Flyball, 7D, EV 95.6 MPH)
|
Batting: RHB Alan Weller
|
0-0: Called Strike Tony Perez is caught stealing 2nd base 2-4
|
Top of the 3rd over - 0 runs, 0 hits, 0 errors, 0 left on base; Reading 1 - Tulsa 0 |
BOTTOM OF THE 3RD |
Tulsa Drillers batting - Pitching for Reading Fightin Phils : RHP Jeremy Trotter
|
Batting: RHB Marcos Villalobos
|
0-0: Fly out, F9 (Flyball, 89S, EV 83.8 MPH)
|
Batting: RHB Nick Getz
|
0-0: Ball 1-0: Ground out 4-3 (Groundball, 34, EV 86.2 MPH)
|
Batting: RHB Josh Crenwelge
|
0-0: Foul Ball, location: 2F 0-1: SINGLE (Groundball, 6MD, EV 95.0 MPH)
|
Batting: SHB Nate Kopchak
|
0-0: Swinging Strike 0-1: Foul Ball, location: 2F 0-2: Strikes out swinging
|
Bottom of the 3rd over - 0 runs, 1 hit, 0 errors, 1 left on base; Reading 1 - Tulsa 0 |
TOP OF THE 4TH |
Reading Fightin Phils batting - Pitching for Tulsa Drillers : RHP Will Lane
|
Batting: RHB Alan Weller
|
0-0: Called Strike 0-1: Called Strike 0-2: Foul Ball, location: 2F 0-2: Strikes out swinging
|
Batting: RHB Guan-pei Gao
|
0-0: Ball 1-0: Swinging Strike 1-1: Swinging Strike 1-2: Ball 2-2: Foul Ball, location: 2F 2-2: Strikes out swinging
|
Batting: RHB Pablo Lopez
|
0-0: Foul Ball, location: 2F 0-1: Called Strike 0-2: Strikes out swinging
|
Top of the 4th over - 0 runs, 0 hits, 0 errors, 0 left on base; Reading 1 - Tulsa 0 |
BOTTOM OF THE 4TH |
Tulsa Drillers batting - Pitching for Reading Fightin Phils : RHP Jeremy Trotter
|
Batting: LHB Kevin Wiebe
|
0-0: Ball 1-0: Foul Ball, location: 2F 1-1: Ball 2-1: Called Strike 2-2: Foul Ball, location: 2F 2-2: Reached on error, E3 (Groundball, 34S, EV 71.2 MPH)
|
Batting: LHB Chris Buchan
|
0-0: Foul Ball, location: 2F 0-1: Fly out, F9 (Flyball, 89M, EV 85.6 MPH) Runner from 2nd tags up, SAFE at 3rd with throw by RF
|
Batting: SHB Justin Toth
|
0-0: Called Strike 0-1: Ball 1-1: Ball 2-1: Swinging Strike 2-2: Hit by Pitch
|
Batting: RHB Tony Rivera
|
0-0: Ball 1-0: Ball 2-0: Grounds into double play, 6-4-3 (Groundball, 6, EV 108.8 MPH)
|
Bottom of the 4th over - 0 runs, 0 hits, 1 error, 1 left on base; Reading 1 - Tulsa 0 |
TOP OF THE 5TH |
Reading Fightin Phils batting - Pitching for Tulsa Drillers : RHP Will Lane
|
Batting: LHB Alex Fernandez
|
0-0: Called Strike 0-1: Ball 1-1: Ground out 4-3 (Groundball, 4S, EV 61.9 MPH)
|
Batting: RHB Jose Corral
|
0-0: Ball 1-0: Foul Ball, location: 2F 1-1: Foul Ball, location: 2F 1-2: Foul Ball, location: 2F 1-2: Foul Ball, location: 2F 1-2: Ground out 5-3 (Groundball, 56S, EV 80.6 MPH)
|
Batting: LHB Doug Frampton
|
0-0: Ball 1-0: Fly out, F8 (Flyball, 8LD, EV 102.5 MPH)
|
Top of the 5th over - 0 runs, 0 hits, 0 errors, 0 left on base; Reading 1 - Tulsa 0 |
BOTTOM OF THE 5TH |
Tulsa Drillers batting - Pitching for Reading Fightin Phils : RHP Jeremy Trotter
|
Batting: RHB Daniel Samano
|
0-0: Ball 1-0: Swinging Strike 1-1: Foul Ball, location: 2F 1-2: Ball 2-2: Ball 3-2: SINGLE (Line Drive, 6M, EV 99.4 MPH)
|
Batting: RHB Marcos Villalobos
|
Pickoff Play to 1st, Runner tries for 2nd, OUT after rundown. 0-0: Swinging Strike 0-1: Ball 1-1: Fly out, F9 (Flyball, 9S, EV 96.2 MPH)
|
Batting: RHB Nick Getz
|
0-0: Ball 1-0: Fly out, F9 (Line Drive, 89M, EV 89.4 MPH)
|
Bottom of the 5th over - 0 runs, 1 hit, 0 errors, 0 left on base; Reading 1 - Tulsa 0 |
TOP OF THE 6TH |
Reading Fightin Phils batting - Pitching for Tulsa Drillers : RHP Will Lane
|
Batting: RHB Prabhukumar Santhanakrishnan
|
0-0: Ball 1-0: Swinging Strike 1-1: Ball 2-1: Ground out 6-3 (Groundball, 6, EV 97.5 MPH)
|
Batting: RHB Tony Perez
|
0-0: Ball 1-0: Foul Ball, location: 2F 1-1: Foul Ball, location: 2F 1-2: Strikes out swinging
|
Batting: RHB Chris Myers
|
0-0: Ball 1-0: Fly out, F9 (Flyball, 9, EV 96.2 MPH)
|
Top of the 6th over - 0 runs, 0 hits, 0 errors, 0 left on base; Reading 1 - Tulsa 0 |
BOTTOM OF THE 6TH |
Tulsa Drillers batting - Pitching for Reading Fightin Phils : RHP Jeremy Trotter
|
Batting: RHB Josh Crenwelge
|
0-0: Called Strike 0-1: Ball 1-1: Ball 2-1: Swinging Strike 2-2: Ball 3-2: Ground out 6-3 (Groundball, 6, EV 83.8 MPH)
|
Batting: SHB Nate Kopchak
|
0-0: Foul Ball, location: 2F 0-1: Foul Ball, location: 2F 0-2: Strikes out swinging
|
Batting: LHB Kevin Wiebe
|
0-0: Ball 1-0: Foul Ball, location: 2F 1-1: Called Strike 1-2: Foul Ball, location: 2F 1-2: Strikes out looking
|
Bottom of the 6th over - 0 runs, 0 hits, 0 errors, 0 left on base; Reading 1 - Tulsa 0 |
TOP OF THE 7TH |
Reading Fightin Phils batting - Pitching for Tulsa Drillers : RHP Will Lane
|
Batting: RHB Alan Weller
|
0-0: Ball 1-0: Foul Ball, location: 2F 1-1: Ball 2-1: Swinging Strike 2-2: SINGLE (Groundball, 56, EV 80.0 MPH) (infield hit)
|
Batting: RHB Guan-pei Gao
|
0-0: Ball 1-0: Foul Ball, location: 2F 1-1: Ball 2-1: Fly out, F7 (Flyball, 7S, EV 89.4 MPH)
|
Batting: RHB Pablo Lopez
|
0-0: Ball 1-0: Fielders Choice at 2nd, 6-4 (Groundball, 6, EV 85.0 MPH)
|
Batting: LHB Alex Fernandez
|
0-0: Ball Pablo Lopez steals 2nd base 1-0: Ground out 4-3 (Groundball, 4, EV 83.1 MPH)
|
Top of the 7th over - 0 runs, 1 hit, 0 errors, 1 left on base; Reading 1 - Tulsa 0 |
BOTTOM OF THE 7TH |
Tulsa Drillers batting - Pitching for Reading Fightin Phils : RHP Jeremy Trotter
|
Batting: LHB Chris Buchan
|
0-0: Fly out, F8 (Flyball, 89M, EV 94.4 MPH)
|
Batting: SHB Justin Toth
|
0-0: Ball 1-0: Swinging Strike 1-1: SINGLE (Groundball, 4M, EV 95.0 MPH)
|
Batting: RHB Tony Rivera
|
0-0: Grounds into double play, 4-6-3 (Groundball, 4, EV 95.0 MPH)
|
Bottom of the 7th over - 0 runs, 1 hit, 0 errors, 0 left on base; Reading 1 - Tulsa 0 |
TOP OF THE 8TH |
Reading Fightin Phils batting - Pitching for Tulsa Drillers : RHP Will Lane
|
Batting: RHB Jose Corral
|
0-0: Ball 1-0: Ball 2-0: Called Strike 2-1: Swinging Strike 2-2: Strikes out swinging
|
Batting: LHB Doug Frampton
|
0-0: Ball 1-0: Called Strike 1-1: Foul Ball, location: 2F 1-2: Ball 2-2: Foul Ball, location: 2F 2-2: Foul Ball, location: 2F 2-2: Strikes out swinging
|
Batting: RHB Prabhukumar Santhanakrishnan
|
0-0: Ball 1-0: Foul Ball, location: 2F 1-1: Ball 2-1: Called Strike 2-2: Ball 3-2: Strikes out swinging
|
Top of the 8th over - 0 runs, 0 hits, 0 errors, 0 left on base; Reading 1 - Tulsa 0 |
BOTTOM OF THE 8TH |
Tulsa Drillers batting - Pitching for Reading Fightin Phils : RHP Jeremy Trotter
|
Batting: RHB Daniel Samano
|
0-0: Swinging Strike 0-1: Ball 1-1: Ball 2-1: Ball 3-1: Called Strike 3-2: Strikes out swinging
|
Pitching: RHP T.J. Gray
|
|
Batting: RHB Marcos Villalobos
|
0-0: Called Strike 0-1: Ball 1-1: Ball 2-1: Ball 3-1: Foul Ball, location: 2F 3-2: Foul Ball, location: 2F 3-2: Ground out 4-3 (Groundball, 4, EV 85.0 MPH)
|
Batting: RHB Nick Getz
|
0-0: Ball 1-0: Called Strike 1-1: Fly out, F7 (Flyball, 78XD, EV 100.0 MPH)
|
Bottom of the 8th over - 0 runs, 0 hits, 0 errors, 0 left on base; Reading 1 - Tulsa 0 |
TOP OF THE 9TH |
Reading Fightin Phils batting - Pitching for Tulsa Drillers : RHP Will Lane
|
Batting: RHB Tony Perez
|
0-0: Ball 1-0: Called Strike 1-1: Foul Ball, location: 2F 1-2: Ball 2-2: TRIPLE (Flyball, 89XD, EV 108.8 MPH)
|
Batting: RHB Chris Myers
|
0-0: Ball 1-0: Foul Ball, location: 2F 1-1: Ball 2-1: Swinging Strike 2-2: Strikes out looking
|
Pitching: RHP Jordan Arredondo
|
|
Batting: RHB Alan Weller
|
0-0: Foul Ball, location: 2F 0-1: Ball 1-1: Swinging Strike 1-2: Strikes out swinging
|
Batting: RHB Guan-pei Gao
|
0-0: Called Strike 0-1: Foul Ball, location: 2F 0-2: Ball 1-2: Foul Ball, location: 2F 1-2: Ball 2-2: Strikes out looking
|
Top of the 9th over - 0 runs, 1 hit, 0 errors, 1 left on base; Reading 1 - Tulsa 0 |
BOTTOM OF THE 9TH |
Tulsa Drillers batting - Pitching for Reading Fightin Phils : RHP T.J. Gray
|
Batting: RHB Josh Crenwelge
|
0-0: Called Strike 0-1: Ball 1-1: Called Strike 1-2: Ball 2-2: Ball 3-2: Ground out 6-3 (Groundball, 6, EV 88.1 MPH)
|
Batting: SHB Nate Kopchak
|
0-0: Called Strike 0-1: Swinging Strike 0-2: Strikes out swinging
|
Batting: LHB Kevin Wiebe
|
0-0: Ball 1-0: Ball 2-0: Ball 3-0: Base on Balls
|
Batting: LHB Chris Buchan
|
0-0: Ball 1-0: Ball 2-0: Called Strike 2-1: Foul Ball, location: 2F 2-2: Ball 3-2: Foul Ball, location: 2F 3-2: Base on Balls Kevin Wiebe to second
|
Pitching: LHP Chris Burch
|
|
Batting: SHB Justin Toth
|
0-0: Called Strike 0-1: Swinging Strike 0-2: Foul Ball, location: 2F 0-2: Foul Ball, location: 2F 0-2: Foul Ball, location: 2F 0-2: Ball 1-2: Ball 2-2: Foul Ball, location: 2F 2-2: Ball 3-2: 3-RUN HOME RUN (Flyball, 9D, EV 92.5 MPH), Distance : 358 ft
|
Bottom of the 9th over - 3 runs, 1 hit, 0 errors, 0 left on base; Reading 1 - Tulsa 3 |
|